 Dungeon Crawl Stone Soup version 0.29.0-5-ge4962eb29e (webtiles) character file.

Game seed: 16104487473625469580

83 Arcadio the Grasshopper (level 4, 0/42 HPs)
             Began as a Naga Warper on Aug 29, 2022.
             Slain by a goblin
             ... wielding a +1 dagger of electrocution
             ... led by Robin
              (20 damage)
             ... on level 3 of the Dungeon.
             The game lasted 00:08:52 (2977 turns).

Arcadio the Grasshopper (Naga Warper)               Turns: 2977, Time: 00:08:54

Health: 0/42       AC:  4    Str: 16    XL:     4   Next: 44%
Magic:  7/7        EV: 10    Int: 13    God:
Gold:   154        SH:  0    Dex: 14    Spells: 5/7 levels left

rFire   . . .      SeeInvis +   w - +1 scimitar (holy)
rCold   + . .      Faith    .   (no shield)
rNeg    . . .      Spirit   .   y - +1 robe of Rinlaa Zohol {Harm rC+ Dex+4}
rPois   +          Reflect  .   (no helmet)
rElec   .          Harm     +   l - +0 cloak
rCorr   .          Rampage  .   (no gloves)
Will    .....                   (no barding)
Stlth   +.........              (no amulet)
HPRegen 0.14/turn               (no ring)
MPRegen 0.10/turn               (no ring)

@: short of breath, very slow
A: AC +1, large, see invisible, deformed body, poison resistance, slowness 2,
spit poison 1, naga tail 1
a: Spit Poison


You were on level 3 of the Dungeon.
You visited 1 branch of the dungeon, and saw 3 of its levels.

You collected 154 gold pieces.

Inventory:

Hand Weapons
 a - a +0 spear
 f - a +1 dagger of holy wrath
 s - a +0 short sword of draining
 w - a +1 scimitar of holy wrath (weapon)
Missiles
 d - 7 boomerangs of dispersal
 t - 5 boomerangs
Armour
 b - a +0 leather armour
 l - a +0 cloak (worn)
 y - the +1 robe of Rinlaa Zohol (worn) {Harm rC+ Dex+4}
   (You found it on level 3 of the Dungeon)

   Dex:       It affects your dexterity (+4).
   rC:        It protects you from cold.
   Harm:      It increases damage dealt and taken.
Jewellery
 m - an amulet of guardian spirit
Scrolls
 c - a scroll of blinking
 e - a scroll of poison
 h - 3 scrolls of teleportation
 i - a scroll of immolation {unknown}
 j - a scroll of butterflies {unknown}
 k - 3 scrolls of identify {unknown}
 n - 2 scrolls of enchant armour {unknown}
 p - a scroll of enchant weapon {unknown}
 u - a scroll of vulnerability {unknown}
 z - a scroll of summoning {unknown}
Potions
 g - a potion of invisibility {unknown}
 o - 2 potions of curing {unknown}
 q - a potion of attraction {unknown}
 r - a potion of flight {unknown}
 v - a potion of resistance {unknown}
 x - a potion of degeneration {unknown}


   Skills:
 + Level 3.0 Fighting
 + Level 3.0 Polearms
 - Level 0.8 Throwing
 - Level 0.7 Armour
 + Level 2.5 Dodging
 - Level 2.0 Spellcasting
 - Level 3.0 Translocations


You had 5 spell levels left.
You knew the following spells:

 Your Spells              Type           Power      Damage    Failure   Level
a - Blink                 Tloc           18%        N/A       11%         2

Your spell library contained the following spells:

 Spells                   Type           Power      Damage    Failure   Level
 Gell's Gravitas          Tloc           9%         N/A       22%         3
 Lesser Beckoning         Tloc           9%         N/A       22%         3
 Teleport Other           Tloc           9%         N/A       22%         3
 Manifold Assault         Tloc           9%         N/A       90%         5


Dungeon Overview and Level Annotations

Branches:
Dungeon (3/15) Zot: 14427

Altars:

Shops:
D:3 :

Annotations:
D:3 Robin


Innate Abilities, Weirdness & Mutations

Your serpentine skin is tough. (AC +1)
You have supernaturally acute eyesight. (SInv)
Armour fits poorly on your strangely shaped body.
Your system is resistant to poisons. (rPois)
You cover ground very slowly.
You can spit poison.
You have a snake-like lower body.


Message History

A goblin comes into view. It is wielding a +0 club.
The hobgoblin hits you. Robin throws the goblin at you!
You barely miss the hobgoblin.
The hobgoblin hits you but does no damage.
The goblin completely misses you.
You hit the hobgoblin but do no damage.
The hobgoblin hits you but does no damage.
A goblin comes into view. It is wielding a +0 dagger.
The goblin misses you.
You barely miss the hobgoblin.
The goblin shouts!
You hear a shout! x2
The hobgoblin barely misses you.
A hobgoblin comes into view.
A goblin comes into view. It is wielding a +0 dagger.
The goblin closely misses you.
Robin hits you from afar with a +0 spear.
The goblin barely misses you. The hobgoblin hits you.
Aiming: Spit Poison (1% risk of failure)
Press: ? - help, Q - select action, (/) - cycle Shift-Dir - straight line, f - hobgoblin
Aim: a hobgoblin (strong, 59% to hit)
The splash of poison hits the hobgoblin.
You kill the hobgoblin!
The goblin hits you with a +1 dagger of electrocution.
Robin barely misses you. The goblin attacks as you move away!
The goblin hits you with a +1 dagger of electrocution.
A hobgoblin comes into view.
The hobgoblin shouts!
A quokka comes into view.
Robin roars a battlecry!
The hobgoblin goes into a battle-frenzy!
You hear a shout!
You hit Robin.
Robin is moderately wounded.
The goblin hits you but does no damage.
A goblin comes into view. It is wielding a +0 dagger.
Robin says, "Bow before me, strongest of all the hobgoblins!"
Robin roars a battlecry!
The goblin hits you but does no damage.
You are electrocuted!
You die...

############ #..........#
#########..........#
#......##..........#
#......##..........# ###
#......###......#### #..
##.....g###).....#### #..
....g.†gg@g.........# #..
#.gr.gg###.....###.#####.
#.....§# #.....# #.....#)
....(...........#
#####...
##..≈≈≈≈≈.≈≈≈≈≈.# #..#
###≈####+####≈... #(.. ##
##.##.####.#.
#.##....).#. #. ####.<...


You could see Robin, a quokka, 2 hobgoblins and 5 goblins.

Vanquished Creatures
  2 worms (D:2)
  A dart slug (D:3)
  5 orcs
  6 endoplasms
  A giant cockroach (D:1)
  5 goblins
  11 hobgoblins
  3 quokkas
  7 ball pythons
  6 bats
  4 frilled lizards
  6 kobolds
  7 rats
64 creatures vanquished.

Notes
Turn   | Place    | Note
-------+----------+-------------------------------------------
     0 | D:1      | Arcadio the Naga Warper began the quest for the Orb.
     0 | D:1      | Reached XP level 1. HP: 19/19 MP: 3/3
   512 | D:1      | Reached XP level 2. HP: 26/26 MP: 5/5
   769 | D:1      | Found a faded altar of an unknown god.
  1050 | D:1      | Learned a level 2 spell: Blink
  1153 | D:1      | Reached XP level 3. HP: 32/33 MP: 6/6
  2471 | D:2      | Reached XP level 4. HP: 40/40 MP: 7/7
  2620 | D:3      | Found Nadgh's Vocational Training.
  2686 | D:3      | Identified the +1 robe of Rinlaa Zohol {Harm rC+ Dex+4}
  2965 | D:3      | Noticed Robin
  2977 | D:3      | Slain by a goblin

Illustrated notes

Levels and vault maps discovered:
D:1:      dpeg_arrival_another_circle, layout_basic,
          chequers_ecumenical_altar_island
D:2:      layout_rooms, interstate_on_off
D:3:      layout_rooms, lightli_temple_of_fire, minivault_14,
          minmay_misc_feat_cross, corner_web_ring, nicolae_shop_vocational,
          uniq_robin, uniq_crazy_yiuf_cottage

Skill      XL: |  1  2  3  4 |
---------------+-------------+-----
Dodging        | 2 |  2.5
Fighting       | 3 |  3.0
Polearms       | 3 |  3.0
Throwing       | |  0.8
Armour         | |  0.7
Spellcasting   | |  2.0
Translocations | |  3.0

Action                   |  1- 3 |  4- 6 || total
-------------------------+-------+-------++-------
Melee: Spear             |    16 |       ||    16
       Dagger            |   105 |     7 ||   112
       Punch             |     2 |       ||     2
       Scimitar          |       |    19 ||    19
 Abil: Spit Poison       |    41 |     8 ||    49
  Use: Scroll            |     2 |       ||     2
Armor: Leather armour    |    36 |     1 ||    37
       Robe              |       |    10 ||    10
Dodge: Dodged            |    66 |    15 ||    81
